 Dungeon Crawl Stone Soup version 0.29.0-4-gdea44cf6ec (webtiles) character file.

Game seed: 2566902447477310357

75 qw the Chopper (level 4, 0/26 HPs)
             Began as a Tengu Warper on Aug 29, 2022.
             Slain by Terence
             ... wielding a +0 flail
              (4 damage)
             ... on level 2 of the Dungeon.
             The game lasted 00:00:10 (2342 turns).

qw the Chopper (Tengu Warper)                       Turns: 2342, Time: 00:00:11

Health: 0/26       AC: 10    Str: 13    XL:     4   Next: 31%
Magic:  8/8        EV:  3    Int: 14    God:
Gold:   51         SH:  0    Dex: 13    Spells: 7/7 levels left

rFire   . . .      SeeInvis .   Y - +0 hand axe
rCold   . . .      Faith    .   (no shield)
rNeg    . . .      Spirit   .   g - +0 plate armour
rPois   .          Reflect  .   (helmet restricted)
rElec   .          Harm     .   (no cloak)
rCorr   .          Rampage  .   (no gloves)
Will    .....                   (boots unavailable)
Stlth   ..........              (no amulet)
HPRegen 0.08/turn               (no ring)
MPRegen 0.11/turn               (no ring)

@: about to teleport
A: beak, talons 3
a: no special abilities


You were on level 2 of the Dungeon.
You visited 1 branch of the dungeon, and saw 3 of its levels.

You collected 84 gold pieces.
You spent 33 gold pieces at shops.


Innate Abilities, Weirdness & Mutations

You have a beak for a mouth.
You have claws for feet.


   Skills:
 - Level 2.0 Fighting
 + Level 4.4 Axes
 - Level 1.0 Throwing
 - Level 2.1 Armour
 - Level 2.1 Dodging
 - Level 2.0 Spellcasting
 - Level 2.4 Translocations


You had 7 spell levels left.
You didn't know any spells.
Your spell library contained the following spells:

 Spells                   Type           Power      Damage    Failure   Level
 Blink                    Tloc           16%        N/A       100%        2
 Gell's Gravitas          Tloc           8%         N/A       100%        3
 Lesser Beckoning         Tloc           8%         N/A       100%        3
 Teleport Other           Tloc           8%         N/A       100%        3
 Manifold Assault         Tloc           8%         N/A       100%        5

Inventory:

Hand Weapons
 e - a +0 mace
 Y - a +0 hand axe (weapon)
Armour
 g - a +0 plate armour (worn)
Potions
 c - a potion of might {unknown}
 h - a potion of heal wounds {unknown}
 i - a potion of lignification {unknown}
 j - a potion of brilliance {unknown}

Dungeon Overview and Level Annotations

Branches:
Dungeon (3/15)

Altars:
Dithmenos

Shops:
D:2 *

Annotations:
D:2 Terence


Message History

The hobgoblin barely misses you.
You hit the hobgoblin. Your kick misses the hobgoblin.
You peck the hobgoblin, but do no damage.
The hobgoblin is lightly wounded.
The hobgoblin hits you.
You closely miss the hobgoblin. You claw the hobgoblin. You peck the hobgoblin.
You kill the hobgoblin!
You start resting.
HP restored.
Done exploring.
(D) Dungeon
Where to? (* - list waypoints, Enter - D:3, ? - help)
What level of the Dungeon? (default 1, ? - help)
You climb downwards.
Level annotation: Terence The orc shouts!
You hear a bark!
You hear a shout!
A hound comes into view.
The jackal bites you but does no damage. x3
An orc comes into view. It is wielding a +0 hand axe.
Terence hits you with a +0 flail! The jackal bites you.
There is a stone staircase leading up, spattered with blood here.
2339 ||| STAIRDANCE The orc shouts!
You hear a shout!
The jackal completely misses you.
The jackal bites you but does no damage.
Terence hits you with a +0 flail!
You climb upwards.
There is a stone staircase leading down here.
2341 ||| READING scroll of teleportation.
As you read the scroll of teleportation, it crumbles to dust.
You feel strangely unstable.
The jackal bites you but does no damage.
The jackal bites you. Terence hits you but does no damage.
The jackal barely misses you. x2
You hit Terence.
Terence is moderately wounded.
You closely miss the jackal. You hit the jackal.
The jackal bites you but does no damage. x2
Terence hits you with a +0 flail.
You die...

#.# ###.#########
#.######.........#
#.##.......#####.################
#.##..)...8......................
#.#######......#.################
#.........\....#.# #.....
##########^....#.# #.####
#....<....#h###########.####
#.###..####@@............... #.#
#8.# #h.##########>#### #.# #..#
##.###### #.# #.# ##.#####......#
#.# #.# #............# #.# #.#
#.#####......# #.# #.# ###
#......# #.# #.# #.#....# #.# #.#
######.####.# #.#


You could see Terence and 2 jackals.

Vanquished Creatures
  2 adders (D:2)
  3 worms (D:2)
  2 dart slugs (D:1)
  6 ball pythons
  3 endoplasms
  3 giant cockroaches (D:1)
  3 goblins (D:1)
  6 hobgoblins
  A jackal (D:2)
  2 kobolds
  3 quokkas
  4 bats (D:1)
  2 frilled lizards
  A rat (D:2)
41 creatures vanquished.

Notes
Turn   | Place    | Note
-------+----------+-------------------------------------------
     0 | D:1      | qw the Tengu Warper began the quest for the Orb.
     0 | D:1      | Reached XP level 1. HP: 12/12 MP: 4/4
     0 | D:1      | 0 ||| qw: Version: 0.1-a-89-g26bdef1
     0 | D:1      | 0 ||| qw: Game counter: 3428
     0 | D:1      | 0 ||| qw: Always use a shield: true
     0 | D:1      | 0 ||| qw: God list: Okawaru
     0 | D:1      | 0 ||| qw: Allow faded altars: false
     0 | D:1      | 0 ||| qw: Do Orc after D:15 true
     0 | D:1      | 0 ||| qw: Do second Lair branch before Depths: true
     0 | D:1      | 0 ||| qw: Lair rune preference: random
     0 | D:1      | 0 ||| qw: Plans: Normal
     0 | D:1      | 0 ||| PLANNING D:1-11
    79 | D:1      | Reached XP level 2. HP: 14/17 MP: 6/6
   102 | D:1      | Reached skill level 3 in Axes
   238 | D:1      | 238 ||| Stepping ~*~*~tactically~*~*~ (stealth).
   240 | D:1      | 240 ||| Stepping ~*~*~tactically~*~*~ (stealth).
   243 | D:1      | 243 ||| Stepping ~*~*~tactically~*~*~ (stealth).
   346 | D:1      | Reached XP level 3. HP: 16/21 MP: 7/7
   421 | D:1      | 421 ||| Stepping ~*~*~tactically~*~*~ (stealth).
   455 | D:1      | Reached skill level 4 in Axes
   564 | D:1      | Found a faded altar of an unknown god.
   605 | D:1      | 605 ||| UPGRADING to +0 chain mail.
   615 | D:1      | 615 ||| DROPPING +0 leather armour.
   616 | D:1      | 616 ||| UPGRADING to +0 plate armour.
   626 | D:1      | 626 ||| DROPPING +0 chain mail.
   627 | D:1      | 627 ||| READING scroll labelled USMADY OWIMOKI.
   628 | D:1      | 628 ||| DROPPING scroll of blinking.
   861 | D:2      | Found Citwu's General Store.
   865 | D:2      | 865 ||| SHOPLISTING ring of protection from cold (275 gold,
                  | have 40).
   865 | D:2      | 865 ||| BUYING scroll of teleportation (33 gold).
   865 | D:2      | Bought a scroll of teleportation for 33 gold pieces
  1340 | D:2      | 1340 ||| Stepping ~*~*~tactically~*~*~ (stealth).
  1342 | D:2      | Reached XP level 4. HP: 26/26 MP: 8/8
  1979 | D:2      | Found a shadowy altar of Dithmenos.
  2157 | D:2      | 2157 ||| READING scroll labelled ENOUFYCWEUHO.
  2258 | D:2      | 2258 ||| READING scroll labelled QAG FUTIRAFIG.
  2267 | D:3      | Noticed Terence
  2268 | D:3      | 2268 ||| STAIRDANCE
  2339 | D:3      | 2339 ||| STAIRDANCE
  2339 | D:3      | HP: 5/26 [Terence/+0 flail (8)]
  2341 | D:2      | 2341 ||| READING scroll of teleportation.
  2342 | D:2      | Slain by Terence

Levels and vault maps discovered:
D:1:      mrwooster_arrival_statue_2, layout_basic,
          dreamdust_ecumenical_altar_grove
D:2:      layout_basic, serial_shops, shop_statue, basic_altar
D:3:      layout_rooms, grunt_gozag_breadcrumbs, kennysheep_generic_room_15,
          uniq_terence, uniq_crazy_yiuf_cottage

Skill      XL: |  1  2  3 |
---------------+----------+-----
Axes           | 3 4 |  4.4
Armour         | 2 |  2.1
Fighting       | |  2.0
Throwing       | |  1.0
Dodging        | |  2.1
Spellcasting   | |  2.0
Translocations | |  2.4

Action                   |  1- 3 |  4- 6 || total
-------------------------+-------+-------++-------
Melee: Hand axe          |    83 |    21 ||   104
       Kick              |    16 |     5 ||    21
       Peck              |    18 |     5 ||    23
       Punch             |       |     1 ||     1
Throw: Boomerang         |     7 |       ||     7
  Use: Scroll            |     1 |     3 ||     4
Armor: Leather armour    |    15 |       ||    15
       Plate armour      |    18 |    18 ||    36
Dodge: Dodged            |    29 |     6 ||    35

Table legend:
 A = Non-vault XP
 B = Vault XP
 C = Vault XP percentage of total XP
 D = Non-vault monster count
 E = Vault monster count
 F = Vault count percentage of total count
                 A         B        C        D         E       F
            +---------+---------+-------+---------+---------+-------
      Total |     108 |       0 |   0.0 |      41 |       0 |   0.0
            +---------+---------+-------+---------+---------+-------
        D:1 |      53 |       0 |   0.0 |      27 |       0 |   0.0
        D:2 |      55 |       0 |   0.0 |      14 |       0 |   0.0
            +---------+---------+-------+---------+---------+-------
